 Dungeon Crawl Stone Soup version 0.30-a0-883-g5ad918d77d (webtiles) character file.

Game seed: 1401665608092716900

64 IdlyInterested the Slasher (level 3, -2/27 HPs)
             Began as a Demonspawn Gladiator on Mar 16, 2023.
             Slain by a gnoll
             ... wielding a +0 spear
              (5 damage)
             ... on level 3 of the Dungeon.
             The game lasted 00:06:44 (1838 turns).

IdlyInterested the Slasher (Demonspawn Gladiator)   Turns: 1838, Time: 00:06:44

Health: -2/27      AC: 11    Str: 14    XL:     3   Next: 91%
Magic:  3/3        EV: 10    Int:  9    God:
Gold:   76         SH:  0    Dex: 16    Spells: 2/2 levels left

rFire   . . .      SeeInvis .    h - +0 long sword (drain)
rCold   . . .      Faith    .    (no shield)
rNeg    . . .      Spirit   .    g - +1 scale mail
rPois   .          Reflect  .    c - +0 helmet
rElec   .          Rampage  .    (no cloak)
rCorr   +                        m - +0 pair of gloves
Will    .....                    (no boots) Stlth
                                 (no amulet)
HPRegen 0.24/turn                b - ring of resist corrosion
MPRegen 0.08/turn                (no ring)

@: no status effects
A: yellow scales 1
a: no special abilities


You were on level 3 of the Dungeon.
You visited 1 branch of the dungeon, and saw 3 of its levels.

You collected 76 gold pieces.

Inventory:

Hand Weapons
 a - a +0 long sword
 h - a +0 long sword of draining (weapon)
 l - a +0 long sword
Missiles
 d - 3 throwing nets
 i - 30 stones (quivered)
Armour
 c - a +0 helmet (worn)
 g - a +1 scale mail (worn)
 m - a +0 pair of gloves (worn)
Jewellery
 b - a ring of resist corrosion (left hand)
Potions
 f - a potion of cancellation
 j - 2 potions of might
 k - a potion of ambrosia
 n - a potion of lignification {unknown}


   Skills:
 - Level 2.0 Fighting
 + Level 3.5 Long Blades
 - Level 2.0 Throwing
 - Level 1.0 Armour
 - Level 3.0 Dodging
 - Level 1.0 Stealth
 * Level 0.8 Evocations


You had 2 spell levels left.
You didn't know any spells.
Your spell library contained the following spells:

 Spells                   Type           Power      Damage    Failure   Level
 Necrotise                Necr           0%         1d4       87%         1
 Vampiric Draining        Necr           0%         2d6       99%         3
 Agony                    Necr           0%         N/A       100%        5


Dungeon Overview and Level Annotations

Branches:
Dungeon (3/15)

Altars:


Innate Abilities, Weirdness & Mutations

You are partially covered in yellow scales. (AC +2)


Message History

The gnoll hits you from afar with a +0 spear.
The gnoll attacks as you move away! The gnoll barely misses you.
The hobgoblin hits you but does no damage.
The gnoll attacks as you move away! The gnoll barely misses you.
Found a smouldering mace.
The hobgoblin barely misses you.
The gnoll hits you from afar with a +0 spear.
You slash the hobgoblin!
You kill the hobgoblin!
The gnoll hits you but does no damage. The gnoll closely misses you.
The gnoll hits you with a +0 whip.
Throw: javelin
Press: ? - help, Shift-Dir - straight line, f - gnoll
Aim: a gnoll, wielding a +0 spear (65% to hit)
You throw a javelin. The javelin barely misses the gnoll.
The javelin closely misses the gnoll.
The javelin pierces through the gnoll!
The gnoll is severely wounded.
The gnoll hits you with a +0 club. The gnoll hits you but does no damage.
The gnoll hits you with a +0 whip. The gnoll closely misses you.
You barely miss the gnoll. You punch the gnoll.
The gnoll is almost dead.
The gnoll hits you with a +0 club. The gnoll misses you.
The gnoll completely misses you.
The gnoll hits you from afar with a +0 spear.
* * * LOW HITPOINT WARNING * * *
The gnoll attacks as you move away! The gnoll hits you but does no damage.
The gnoll completely misses you.
You barely miss the gnoll.
The gnoll is almost dead.
The gnoll barely misses you. The gnoll completely misses you.
The gnoll hits you from afar with a +0 spear.
* * * LOW HITPOINT WARNING * * *
The gnoll hits you from afar with a +0 spear.
* * * LOW HITPOINT WARNING * * *
The gnoll hits you but does no damage.
You hit the gnoll.
You kill the gnoll!
The gnoll hits you from afar with a +0 spear.
You die...

................
..............#
.........[....#.
................
...(...†g...####
..?....g.####
##.....g###
#[...g.gg#
#......##@###
#...... #...#
#...... ###.#
#.##... ..# ..
#... #..# ####
#).. #..# ###


You could see 5 gnolls.

Vanquished Creatures
  A gnoll (D:3)
  3 adders (D:2)
  2 worms (D:2)
  2 dart slugs (D:2)
  A bat (D:1)
  3 endoplasms
  A giant cockroach (D:2)
  A goblin (D:2)
  5 hobgoblins
  6 ball pythons
  2 kobolds
  2 rats
  2 bushes (D:2)
31 creatures vanquished.

Notes
Turn   | Place    | Note
-------+----------+-------------------------------------------
     0 | D:1      | IdlyInterested the Demonspawn Gladiator began the quest for
                  | the Orb.
     0 | D:1      | Reached XP level 1. HP: 16/16 MP: 1/1
   299 | D:1      | Gained mutation: You are partially covered in yellow
                  | scales. (AC +2) [demonic ancestry]
   299 | D:1      | Reached XP level 2. HP: 22/22 MP: 2/2
   683 | D:2      | Reached XP level 3. HP: 27/27 MP: 3/3
   690 | D:2      | Reached skill level 1 in Armour
  1023 | D:2      | Reached skill level 1 in Stealth
  1838 | D:3      | Slain by a gnoll

Illustrated notes

Levels and vault maps discovered:
D:1:      scummos_arrival_gate, layout_rooms
D:2:      minmay_skewed_foursquare, layout_rooms, serial_forest,
          infiniplex_forest_end_2, infiniplex_forest_zigzag_1,
          infiniplex_forest_clump_long, infiniplex_forest_3_way,
          infiniplex_forest_lined_2, dreamdust_princess_corridor, minivault_26,
          st_stairs_3
D:3:      layout_rooms, hellmonk_okawaru_the_only_friend_you_need

Skill      XL: |  1  2  3 |
---------------+----------+-----
Throwing       | 2 |  2.0
Long Blades    | 3 |  3.5
Dodging        | 3 |  3.0
Armour         | 1 |  1.0
Stealth        | 1 |  1.0
Fighting       | |  2.0
Evocations     | |  0.8

Action                     || total
---------------------------++-------
  Melee: Long sword        ||   163
         Punch             ||     5
  Throw: Javelin           ||     1
    Use: Scroll            ||     4
 Armour: Scale mail        ||    39
         Ring mail         ||     2
  Dodge: Dodged            ||    57

Table legend: (Time is in decaauts)
 A = Elapsed time spent in this place.
 B = Non-inter-level travel time spent in this place.
 C = Inter-level travel time spent in this place.
 D = Time resting spent in this place.
 E = Time spent auto-exploring this place.
 F = Levels seen in this place.
 G = Mean time per level.
                   A        B        C        D        E       F      G
               +--------+--------+--------+--------+--------+-----+--------+
         Total |   1875 |   1611 |    264 |    176 |    940 |   3 |  625.0 |
       Dungeon |   1875 |   1611 |    264 |    176 |    940 |   3 |  625.0 |
               +--------+--------+--------+--------+--------+-----+--------+

Top non-repeatable levels by time:
     D:2: 1223 daAuts
     D:1: 590 daAuts
     D:3: 61 daAuts
